 Dungeon Crawl Stone Soup version 0.30-a0-219-gf2db51d15e (webtiles) character file.

Game seed: 797979969787763004

103 jimonade the Cutter (level 5, -12/30 HPs)
             Began as a Kobold Brigand on Oct 7, 2022.
             Mangled by an ogre
             ... wielding a +0 giant club
              (31 damage)
             ... on level 3 of the Dungeon.
             The game lasted 00:04:18 (2232 turns).

jimonade the Cutter (Kobold Brigand)                Turns: 2232, Time: 00:04:19

Health: -12/30     AC:  6    Str:  8    XL:     5   Next: 6%
Magic:  5/5        EV: 17    Int: 13    God:
Gold:   168        SH:  0    Dex: 18    Spells: 4/4 levels left

rFire   . . .      SeeInvis .    a - +1 dagger (venom)
rCold   . . .      Faith    .    (no shield)
rNeg    . . .      Spirit   .    l - +0 leather armour
rPois   .          Reflect  .    (no helmet)
rElec   .          Harm     .    c - +0 cloak
rCorr   .          Rampage  .    (no gloves)
Will    .....                    o - +1 pair of boots
Stlth   ++++......               (no amulet)
HPRegen 0.25/turn                f - +4 ring of evasion
MPRegen 0.09/turn                (no ring)

@: no status effects
A: small, no large weapons, nightstalker 3
a: no special abilities


You were on level 3 of the Dungeon.
You visited 1 branch of the dungeon, and saw 3 of its levels.

You collected 168 gold pieces.

Inventory:

Hand Weapons
 a - a +1 dagger of venom (weapon)
 b - a +0 dagger of electrocution
 h - a +2 vorpal sling
 m - a +2 dagger
 q - a +3 short sword
Missiles
 d - 21 poisoned darts (quivered)
 e - 3 curare-tipped darts
Armour
 c - a +0 cloak (worn)
 g - a +0 robe
 l - a +0 leather armour (worn)
 o - a +1 pair of boots (worn)
Jewellery
 f - a +4 ring of evasion (left hand)
Scrolls
 i - a scroll of immolation {unknown}
 j - 3 scrolls of identify {unknown}
 n - a scroll of amnesia {unknown}
 p - a scroll of summoning {unknown}
Potions
 k - 3 potions of heal wounds {unknown}


   Skills:
 - Level 2.1 Fighting
 + Level 6.4 Short Blades
 - Level 2.1 Throwing
 - Level 1.2 Dodging
 - Level 5.3 Stealth


You had 4 spell levels left.
You didn't know any spells.
Your spell library contained the following spells:

 Spells                   Type           Power      Damage    Failure   Level
 Summon Small Mammal      Summ           0%         N/A       41%         1
 Call Canine Familiar     Summ           0%         N/A       80%         3
 Summon Guardian Golem    Hex/Summ       0%         N/A       80%         3


Dungeon Overview and Level Annotations

Branches:
Dungeon (3/15)

Altars:

Annotations:
D:3 1 transporter


Innate Abilities, Weirdness & Mutations

You are small and have problems with some larger weapons.
You are completely attuned to the shadows.


Message History

You feel clever.
You see here a +0 spear.
Found a stone staircase leading down.
d - 21 poisoned darts (gained 6)
You see here a +0 whip.
You now have 168 gold pieces (gained 4).
You see here a +0 dagger.
p - a scroll labelled PIODUNNURPHI You see here a +0 dagger of electrocution.
A bat comes into view.
The bat hits you but does no damage. The bat misses you.
You miss the bat. The bat misses you.
A bat is nearby!
The bat hits you but does no damage. The bat barely misses you.
You hit the bat.
You kill the bat!
No target in view!
No target in view!
An ogre comes into view. It is wielding a +0 giant club.
You see here a +0 dagger of electrocution.
q - a +0 dagger of electrocution Adjust to which letter? (? for menu, Esc to quit)
b - a +0 dagger of electrocution;
q - a +1 dagger of venom (weapon)
Adjust to which letter? (? for menu, Esc to quit)
Okay, then.
Adjust to which letter? (? for menu, Esc to quit)
a - a +1 dagger of venom (weapon);
q - a +3 short sword The ogre closely misses you.
You hit the ogre.
The ogre is poisoned.
The ogre is lightly wounded.
You hit the ogre.
The ogre looks as sick as possible!
The ogre is moderately wounded.
The ogre hits you with a +0 giant club!
You hit the ogre.
The ogre looks as sick as possible!
The ogre is moderately wounded.
You hit the ogre.
The ogre is severely wounded.
The ogre hits you with a +0 giant club!!
Ouch! That really hurt!
You die...

#.##.##.# #.#
#.##.##.####.#
#)...........#
#.##)##.######
#.##.##.# #........
##.#......
.######### #.###..
.......... ##.##
...O@..# #...###.#
.#####.# ..#.....#
##.#####.####
#...###..
............ ##.##
#.#####.#### #.#
#.#####.#
#.#########.......#
#...........#######
#############


You could see an ogre (extremely poisoned).

Vanquished Creatures
  A gnoll (D:3)
  2 adders (D:2)
  2 worms (D:2)
  A dart slug (D:1)
  6 bats
  6 endoplasms
  5 goblins
  8 hobgoblins
  3 jackals (D:1)
  10 kobolds
  5 quokkas (D:1)
  4 ball pythons
  7 frilled lizards
  2 rats (D:2)
62 creatures vanquished.

Vanquished Creatures (others)
  16 plants (D:2)
16 creatures vanquished.

Grand Total: 78 creatures vanquished

Notes
Turn   | Place    | Note
-------+----------+-------------------------------------------
     0 | D:1      | jimonade the Kobold Brigand began the quest for the Orb.
     0 | D:1      | Reached XP level 1. HP: 12/12 MP: 1/1
    20 | D:1      | Reached skill level 3 in Short Blades
   200 | D:1      | Reached XP level 2. HP: 14/17 MP: 2/2
   263 | D:1      | Reached skill level 4 in Short Blades
   438 | D:1      | Reached XP level 3. HP: 19/21 MP: 3/3
   925 | D:1      | Reached skill level 5 in Short Blades
  1176 | D:2      | Reached XP level 4. HP: 26/26 MP: 4/4
  1347 | D:2      | Reached skill level 6 in Short Blades
  1576 | D:2      | Found a faded altar of an unknown god.
  2019 | D:3      | Found a transporter.
  2020 | D:3      | Noticed a small abomination
  2032 | D:3      | Noticed a kobold brigand
  2109 | D:3      | Reached XP level 5. HP: 29/30 MP: 5/5
  2213 | D:3      | Noticed an ogre
  2232 | D:3      | Mangled by an ogre

Illustrated notes

Levels and vault maps discovered:
D:1:      reono_arrival_forest_river, layout_basic
D:2:      layout_loops_ring, dreamdust_ecumenical_altar_grove,
          lexackson_kobold_supper
D:3:      layout_loops_ring, tgw_kikubaaqudgha, gammafunk_ghost_abyssal_escape,
          uniq_grinder

Skill      XL: |  1  2  3  4 |
---------------+-------------+-----
Short Blades   | 3 4 5 6 |  6.4
Fighting       | |  2.1
Throwing       | |  2.1
Dodging        | |  1.2
Stealth        | |  5.3

Action                   |  1- 3 |  4- 6 || total
-------------------------+-------+-------++-------
Melee: Dagger            |    76 |    69 ||   145
 Stab: Sleeping          |    17 |     6 ||    23
Armor: Robe              |     3 |       ||     3
       Leather armour    |     1 |     8 ||     9
Dodge: Dodged            |    43 |    31 ||    74

Table legend: (Time is in decaauts)
 A = Elapsed time spent in this place.
 B = Non-inter-level travel time spent in this place.
 C = Inter-level travel time spent in this place.
 D = Time resting spent in this place.
 E = Time spent auto-exploring this place.
 F = Levels seen in this place.
 G = Mean time per level.
                   A        B        C        D        E       F      G
               +--------+--------+--------+--------+--------+-----+--------+
         Total |   2198 |   2081 |    117 |      0 |   1636 |   3 |  732.7 |
       Dungeon |   2198 |   2081 |    117 |      0 |   1636 |   3 |  732.7 |
               +--------+--------+--------+--------+--------+-----+--------+

Top non-repeatable levels by time:
     D:1: 999 daAuts
     D:2: 898 daAuts
     D:3: 300 daAuts
